 Dungeon Crawl Stone Soup version 0.20.1-1-g8b1a95d (webtiles) character file.

1229 Malachi the Chopper (level 8, 0/61 HPs)
             Began as a Demonspawn Fighter on Oct 31, 2017.
             Slain by a two-headed ogre
             ... wielding a +0 giant club
              (4 damage)
             ... on level 5 of the Dungeon.
             The game lasted 00:08:26 (4441 turns).

Malachi the Chopper (Demonspawn Fighter)            Turns: 4441, Time: 00:08:26

Health: 0/61       AC: 14    Str: 19    XL:     8   Next: 24%
Magic:  8/8        EV: 10    Int: 10    God:
Gold:   232        SH:  0    Dex: 12    Spells: 7/7 levels left

rFire    . . .     SeeInvis .   G - +0 battleaxe (freeze)
rCold    + . .     Gourm    .   (shield currently unavailable)
rNeg     . . .     Faith    .   b - +0 scale mail
rPois    .         Spirit   .   (no helmet)
rElec    .         Reflect  .   F - +0 cloak {+Inv}
rCorr    .         Harm     .   (no gloves)
MR       .....                  (no boots)
Stlth    ..........             (no amulet)
Regen    0.2/turn               h - ring of protection from cold
MPRegen  0.2/turn               q - ring of flight

@: no status effects
A: claws 1, iridescent scales 3, powered by death 1
a: Evoke Invisibility, Evoke Flight


You were on level 5 of the Dungeon.
You were hungry.

You visited 1 branch of the dungeon, and saw 5 of its levels.
You also visited: Ossuary.

You collected 232 gold pieces.

Inventory:

Hand Weapons
 a - a +0 war axe
 u - a +0 dagger of chaos
 G - a +0 battleaxe of freezing (weapon)
Armour
 b - a +0 scale mail (worn)
 c - a +0 shield
 F - a +0 cloak of invisibility (worn)
Jewellery
 h - a ring of protection from cold (left claw)
 p - a +4 ring of intelligence
 q - a ring of flight (right claw)
Scrolls
 e - a scroll of fear {unknown}
 j - 4 scrolls of identify
 k - a scroll of enchant armour {unknown}
 n - 2 scrolls of teleportation {unknown}
 r - a scroll of remove curse {unknown}
 w - 4 scrolls of recharging {unknown}
 x - a scroll of enchant weapon {unknown}
 y - a scroll of fog {unknown}
Potions
 d - a potion of might
 g - 6 potions of curing
 i - 2 potions of haste
 l - a potion of lignification {unknown}
 t - a potion of resistance {unknown}
 v - 2 potions of mutation {unknown}
 z - a potion of agility {unknown}
 A - a potion of berserk rage {unknown}
 B - a potion of degeneration {unknown}
 D - a potion of invisibility {unknown}
 E - a potion of flight {unknown}
Comestibles
 f - 5 bread rations
 o - 3 meat rations
 s - a fruit
 C - 5 chunks of flesh


   Skills:
 + Level 4.7 Fighting
 + Level 6.3 Axes
 + Level 4.4 Armour
 + Level 2.3 Dodging
 + Level 4.5 Shields


You had 7 spell levels left.
You didn't know any spells.

Dungeon Overview and Level Annotations

Branches:
Dungeon (5/15)
 Temple: D:4-7

Altars:
Ashenzari
Cheibriados
Nemelex Xobeh
Ru
Xom
The Shining One


Innate Abilities, Weirdness & Mutations

You have sharp fingernails.
You are completely covered in iridescent scales. (AC +6)
You regenerate a little health from kills.


Message History

You are too injured to fight recklessly!
You are too injured to fight recklessly!
You are too injured to fight recklessly!
You feel much better.
The two-headed ogre hits you but does no damage.
The two-headed ogre hits you with a giant club!
You slash the two-headed ogre! You freeze the two-headed ogre!
The two-headed ogre is severely wounded.
The two-headed ogre closely misses you. The two-headed ogre barely misses you.
You hit the two-headed ogre. You freeze the two-headed ogre.
The two-headed ogre is almost dead.
The two-headed ogre hits you with a giant club.
The two-headed ogre hits you with a giant club!!
* * * LOW HITPOINT WARNING * * *
You hit the two-headed ogre. You freeze the two-headed ogre.
The two-headed ogre is almost dead.
The two-headed ogre hits you with a giant club!
* * * LOW HITPOINT WARNING * * *
The two-headed ogre hits you with a giant club.
You die...

.# .# .# .# .#..
##.#. #. .... ..
# #..##.##
#.##.##O.....#
..!....@.# .#
####.##.## ...
#.# #.# #.# #.#
#.# #.# #.# #.#
###.####.###.#..
+...............
#.#.##.#.###..#


You could see a two-headed ogre.

Vanquished Creatures
  A phantom (D:4)
  A centaur (D:5)
  2 ogres (D:4)
  3 elf zombies (Ossuary)
  A scorpion (D:5)
  4 crimson imps (D:3)
  A centaur zombie (Ossuary)
  A human zombie (Ossuary)
  Crazy Yiuf (D:4)
  A hound (D:4)
  An iguana (D:4)
  4 worker ants (D:4)
  3 big kobold zombies (Ossuary)
  A hound zombie (Ossuary)
  A hound skeleton (D:5)
  3 mummies (Ossuary)
  4 adders
  An ooze (D:1)
  4 adder zombies (Ossuary)
  A worm (D:2)
  3 dart slugs
  5 leopard geckos
  2 orcs
  2 giant cockroaches
  2 gnoll zombies (Ossuary)
  11 goblins
  8 hobgoblins
  7 jackals
  7 kobolds
  2 quokkas
  11 bats
  5 frilled lizards
  A goblin zombie (Ossuary)
  3 hobgoblin zombies (Ossuary)
  4 jackal zombies (Ossuary)
  3 kobold zombies (Ossuary)
  A leopard gecko zombie (D:5)
  5 quokka zombies (Ossuary)
  7 rats
  3 rat zombies (Ossuary)
131 creatures vanquished.

Vanquished Creatures (others)
  A giant cockroach (D:1)
1 creature vanquished.

Grand Total: 132 creatures vanquished

Notes
Turn   | Place    | Note
-------+----------+-------------------------------------------
     0 | D:1      | Malachi the Demonspawn Fighter began the quest for the Orb.
     0 | D:1      | Reached XP level 1. HP: 18/18 MP: 1/1
   118 | D:1      | Gained mutation: You regenerate a little health from kills. [demonic ancestry]
   118 | D:1      | Reached XP level 2. HP: 15/24 MP: 2/2
   364 | D:1      | Reached skill level 2 in Axes
   576 | D:1      | Gained mutation: You are partially covered in iridescent scales. (AC +2) [demonic ancestry]
   576 | D:1      | Reached XP level 3. HP: 24/29 MP: 3/3
  1363 | D:2      | Found a sparkling altar of Nemelex Xobeh.
  1389 | D:2      | Gained mutation: You have sharp fingernails. [demonic ancestry]
  1389 | D:2      | Reached XP level 4. HP: 34/35 MP: 4/4
  1511 | D:2      | Reached skill level 1 in Dodging
  1982 | D:3      | Found a shimmering altar of Xom.
  2000 | D:3      | Reached skill level 3 in Axes
  2021 | D:3      | Gained mutation: You are mostly covered in iridescent scales. (AC +4) [demonic ancestry]
  2021 | D:3      | Reached XP level 5. HP: 37/41 MP: 5/5
  2699 | D:3      | Found a shattered altar of Ashenzari.
  2776 | D:4      | Noticed a phantom
  2862 | D:4      | Reached XP level 6. HP: 44/48 MP: 6/6
  2904 | D:4      | Reached skill level 4 in Axes
  2922 | D:4      | Found a snail-covered altar of Cheibriados.
  3002 | D:4      | Found a runed door.
  3082 | D:4      | Found a sand-covered staircase.
  3093 | Ossuary  | Entered an ossuary
  3122 | Ossuary  | Reached XP level 7. HP: 53/54 MP: 7/7
  3301 | Ossuary  | Reached skill level 5 in Axes
  3977 | D:4      | Found a glowing golden altar of the Shining One.
  3986 | D:4      | Gained mutation: You are completely covered in iridescent scales. (AC +6) [demonic ancestry]
  3986 | D:4      | Reached XP level 8. HP: 54/61 MP: 8/8
  4064 | D:4      | Found a sacrificial altar of Ru.
  4193 | D:4      | Noticed Crazy Yiuf
  4199 | D:4      | Killed Crazy Yiuf
  4199 | D:4      | Reached skill level 6 in Axes
  4335 | D:5      | Entered Level 5 of the Dungeon
  4431 | D:5      | Noticed a two-headed ogre
  4441 | D:5      | Slain by a two-headed ogre

Skill      XL: |  1  2  3  4  5  6  7  8 |
---------------+-------------------------+-----
Axes           | 2 3 4 5 6 |  6.3
Armour         | 3 4 |  4.4
Shields        | 3 4 |  4.5
Dodging        | 1 2 |  2.3
Fighting       | 4 |  4.7

Action                   |  1- 3 |  4- 6 |  7- 9 || total
-------------------------+-------+-------+-------++-------
Melee: War axe           |   166 |   228 |   232 ||   626
       Battleaxe         |       |       |    21 ||    21
  Use: Scroll            |       |     2 |       ||     2
       Potion            |       |       |     1 ||     1
  Eat: Chunk             |     2 |     6 |     2 ||    10
       Fruit             |       |       |     3 ||     3
Armor: Scale mail        |   135 |   112 |    98 ||   345
Dodge: Dodged            |    70 |    63 |    79 ||   212
Block: Shield            |   131 |   123 |    94 ||   348
